Map: Bel'Shir Vestige LE (Void)

Players

Rodzyn

  • Race: Protoss Protoss
  • Spawn Location: 5:00

Guru - Winner!

  • Race: Zerg Zerg
  • Spawn Location: 11:00

Event: IEM XI Katowice - World Championship 2017

VOD

Have the link to the VOD?

Description

Time

  • Played on: Feb. 28, 2017, 8:46 a.m.
  • Length: 11:46

All games in this series

Show
View Real Time Build Order
Export as new Build Order

Rodzyn Protoss 

Build Orders: 1 Gate Expand 

Get SALT Encoding   

  12  0:01  Probe (Chrono Boost)  
  13  0:11  Probe (Chrono Boost)  
  14  0:20  Pylon  
  14  0:22  Probe (Chrono Boost)  
  15  0:38  Probe (Chrono Boost)  
  16  0:43  Gateway  
  16  0:48  Probe (Chrono Boost)  
  17  0:52  Assimilator  
  17  0:59  Probe (Chrono Boost)  
  18  1:09  Probe (Chrono Boost)  
  19  1:21  Nexus  
  19  1:24  Probe (Chrono Boost)  
  20  1:34  Cybernetics Core  
  20  1:36  Probe (Chrono Boost)  
  21  1:41  Assimilator  
  21  1:48  Probe (Chrono Boost)  
  21  1:52  Pylon  
  22  1:58  Probe (Chrono Boost)  
  23  2:06  Stalker  
  23  2:11  Warp Gate  
  23  2:15  Probe (Chrono Boost)  
  26  2:27  Probe (Chrono Boost)  
  27  2:35  Robotics Facility, Probe (Chrono Boost)  
  27  2:36  Adept  
  28  2:39  Probe (Chrono Boost)  
  31  2:47  Probe (Chrono Boost)  
  33  2:51  Probe (Chrono Boost)  
  33  2:58  Mothership Core (Chrono Boost)  
  35  3:00  Pylon  
  35  3:03  Probe (Chrono Boost)  
  36  3:15  Probe (Chrono Boost)  
  36  3:16  Probe (Chrono Boost)  
  36  3:17  Immortal  
  38  3:26  Probe (Chrono Boost)  
  43  3:34  Gateway  
  43  3:35  Gateway  
  43  3:36  Probe (Chrono Boost)  
  43  3:39  Probe (Chrono Boost)  
  45  3:42  Pylon  
  46  3:49  Probe (Chrono Boost)  
  46  3:55  Warp Prism  
  46  4:00  Probe (Chrono Boost)  
  46  4:02  Assimilator, Probe (Chrono Boost)  
  50  4:04  Assimilator  
  50  4:11  Probe (Chrono Boost)  
  50  4:14  Probe (Chrono Boost)  
  48  4:22  Probe (Chrono Boost)  
  47  4:28  Probe (Chrono Boost)  
  45  4:32  Probe (Chrono Boost)  
  45  4:38  Sentry x3  
  50  4:40  Probe (Chrono Boost)  
  50  4:43  Probe (Chrono Boost)  
  50  4:45  Pylon  
  54  5:03  Probe (Chrono Boost)  
  54  5:05  Probe (Chrono Boost)  
  56  5:08  Immortal  
  56  5:13  Pylon  
  56  5:14  Probe (Chrono Boost)  
  61  5:17  Probe (Chrono Boost)  
  62  5:27  Pylon  
  62  5:32  Probe (Chrono Boost)  
  62  5:33  Pylon, Probe (Chrono Boost)  
  64  5:36  Adept  
  64  5:37  Adept x2  
  64  5:42  Probe (Chrono Boost)  
  69  5:45  Probe (Chrono Boost)  
  68  5:56  Immortal  
  66  5:57  Probe (Chrono Boost)  
  66  6:00  Sentry x3  
  77  6:05  Gateway  
  77  6:08  Gateway  
  77  6:09  Gateway  
  77  6:10  Gateway  
  77  6:23  Sentry x3  
  83  6:33  Observer  
  83  6:35  Gateway  
  84  6:46  Stalker  
  86  6:50  Pylon  
  84  7:04  Pylon  
  84  7:05  Pylon  
  84  7:07  Pylon, Probe (Chrono Boost)  
  85  7:08  Stalker  
  85  7:09  Stalker  
  85  7:11  Adept x2  
  93  7:17  Pylon  
  93  7:27  Adept x3  
  99  7:33  Adept  
  99  7:34  Adept x4  
  109  7:52  Adept x3  
  109  7:57  Adept x2  
  109  7:58  Adept x3  
  121  8:06  Pylon  
  121  8:07  Pylon  
  115  8:14  Adept x3  
  115  8:18  Sentry x2  
  125  8:25  Adept, Sentry x2  
  103  8:38  Adept x2  
  103  8:39  Adept  
  87  8:43  Adept x2  
  89  8:51  Adept x3  
  87  9:02  Adept x3  
  87  9:08  Adept x2  
  83  9:14  Adept x3  
  83  9:21  Adept x2  
  83  9:27  Adept  
  79  9:33  Adept  
  79  9:34  Adept  
  79  9:35  Adept x2  
  79  9:36  Adept  
  79  9:47  Adept x3  
  85  9:56  Adept x2  
  85  9:57  Adept x3  
  81  10:16  Adept  
  81  10:17  Adept x4  
  75  10:32  Adept x3  
  79  10:37  Adept  
  79  10:38  Adept  
  79  10:42  Sentry x3  
  72  10:58  Sentry x4  
  72  10:59  Sentry  
  82  11:15  Adept  
  82  11:16  Adept x2  
  64  11:42  Adept  
  64  11:43  Adept x4  
  64  11:44  Adept  
Show
View Real Time Build Order
Export as new Build Order

Guru Zerg - Winner!

Build Orders: Hatch First 

Get SALT Encoding   

  12  0:00  Drone  
  13  0:12  Overlord  
  13  0:18  Drone  
  14  0:31  Drone  
  15  0:45  Hatchery  
  15  0:48  Drone  
  15  0:52  Drone  
  15  0:56  Drone  
  17  1:06  Extractor  
  16  1:12  Spawning Pool  
  16  1:15  Drone  
  16  1:19  Drone  
  16  1:22  Drone  
  18  1:32  Drone  
  19  1:55  Overlord  
  19  2:00  Queen  
  19  2:01  Queen  
  23  2:02  Zergling x2  
  23  2:03  Drone  
  23  2:07  Drone  
  26  2:09  Metabolic Boost  
  26  2:13  Drone  
  27  2:16  Drone  
  27  2:20  Drone  
  29  2:29  Drone  
  30  2:32  Drone  
  31  2:42  Overlord  
  31  2:45  Drone  
  31  2:48  Pneumatized Carapace  
  31  2:50  Drone  
  32  3:02  Zergling x4  
  32  3:04  Zergling x2  
  35  3:09  Drone  
  35  3:10  Evolution Chamber  
  37  3:14  Drone  
  37  3:15  Drone x5  
  43  3:26  Hatchery  
  40  3:29  Overlord  
  40  3:31  Drone x2  
  42  3:38  Zerg Melee Weapons Level 1  
  42  3:39  Drone  
  43  3:48  Overlord  
  43  3:50  Zergling x8  
  43  3:51  Zergling x2  
  43  3:52  Zergling x2  
  43  3:55  Zergling x4  
  51  4:05  Overlord  
  51  4:08  Drone  
  51  4:09  Baneling Nest  
  51  4:14  Overlord  
  51  4:17  Drone x2  
  51  4:19  Drone x2  
  51  4:23  Drone  
  55  4:28  Drone  
  55  4:29  Drone  
  55  4:37  Zergling x4  
  55  4:38  Zergling x2  
  58  4:39  Hatchery  
  58  4:45  Zergling x4  
  58  4:49  Zergling x4  
  58  4:52  Zergling x2  
  62  4:58  Zergling x2  
  62  5:02  Overlord  
  62  5:05  Drone x4  
  62  5:06  Drone x2  
  68  5:11  Zergling x2  
  66  5:15  Zergling x2  
  66  5:18  Overlord  
  67  5:23  Zergling x4  
  69  5:33  Queen x2  
  73  5:35  Baneling  
  73  5:36  Zergling x2, Baneling x5  
  73  5:37  Zergling x16  
  80  5:43  Zergling x4  
  80  5:47  Zergling x2  
  79  5:50  Queen  
  79  5:53  Spore Crawler, Drone  
  79  5:54  Overlord  
  79  5:55  Zergling x2  
  80  6:02  Overlord  
  80  6:03  Baneling  
  80  6:04  Baneling x2  
  80  6:06  Drone x3  
  80  6:07  Roach Warren, Extractor  
  80  6:08  Extractor, Drone x3  
  80  6:09  Drone x3  
  86  6:17  Lair  
  85  6:20  Drone x2  
  85  6:21  Queen  
  85  6:22  Drone x2  
  85  6:23  Overlord  
  91  6:27  Zergling x4  
  91  6:32  Overlord  
  93  6:34  Zergling x4  
  93  6:35  Overlord  
  93  6:36  Zergling x2  
  93  6:37  Zergling x4  
  98  6:44  Overlord  
  98  6:48  Zergling x12  
  99  6:59  Zergling x6  
  99  7:00  Zergling x2  
  97  7:10  Extractor, Drone x2  
  97  7:11  Extractor, Drone  
  97  7:12  Spore Crawler, Drone x3  
  97  7:13  Drone  
  97  7:15  Overlord  
  101  7:18  Roach x3  
  107  7:24  Roach x2  
  107  7:25  Hatchery  
  107  7:27  Overlord  
  107  7:29  Overlord  
  110  7:32  Overlord  
  110  7:34  Overlord  
  110  7:38  Roach x4  
  110  7:39  Zergling x6  
  110  7:43  Zergling x6  
  121  7:45  Ravager  
  121  7:46  Ravager  
  121  7:49  Zergling x2  
  121  7:50  Zergling x4  
  121  7:52  Zergling x8  
  121  7:54  Zergling x2  
  121  7:57  Ravager  
  125  7:59  Zergling x4  
  125  8:01  Zergling x2  
  125  8:04  Baneling x17  
  122  8:12  Zergling x16  
  118  8:14  Ravager x2  
  118  8:15  Zergling x2  
  118  8:16  Zergling x2  
  121  8:28  Roach x2  
  114  8:37  Roach x4  
  109  8:41  Roach x2  
  109  8:44  Roach x2  
  109  8:45  Baneling x3  
  113  8:51  Roach  
  114  9:00  Roach x3  
  111  9:07  Roach  
  106  9:10  Roach x2  
  102  9:17  Queen, Roach x2  
  102  9:18  Queen x2, Roach  
  86  9:38  Roach  
  86  9:42  Roach x3  
  86  9:43  Roach  
  86  9:44  Roach  
  87  9:48  Roach x2  
  87  9:51  Ravager x6  
  87  9:52  Zergling x2  
  98  9:53  Queen x3  
  98  9:59  Zergling x2  
  105  10:00  Zergling x4  
  101  10:11  Roach x2  
  91  10:17  Roach  
  90  10:21  Zergling x4  
  90  10:28  Roach x3  
  93  10:30  Zergling x4  
  93  10:32  Zergling x2  
  93  10:34  Zergling x2  
  94  10:36  Ravager x2  
  94  10:41  Zergling x2  
  93  10:54  Zergling x4  
  86  10:58  Zergling x6  
  86  11:02  Ravager x2  
  86  11:03  Zergling x4  
  86  11:04  Zergling x2  
  94  11:08  Zergling x6  
  94  11:10  Roach x2  
  101  11:14  Zergling x4  
  103  11:19  Zergling x4  
  103  11:20  Zergling x2  
  103  11:23  Roach  

Tags
 
Add a new tag
Caveats
  • Supply blocks, unpowered buildings, or Contaminate may cause inaccurate times.
  • Supply counts are checked every 10 seconds.